 Dungeon Crawl Stone Soup version 0.20.1-1-g8b1a95d (webtiles) character file.

53 dohliylev the Sneak (level 3, 0/24 HPs)
             Began as a Vampire Enchanter on Dec 25, 2017.
             Slain by a jackal (1 damage)
             ... on level 1 of the Dungeon.
             The game lasted 00:05:50 (1316 turns).

dohliylev the Sneak (Vampire Enchanter)             Turns: 1316, Time: 00:05:51

Health: 0/24       AC:  3    Str:  5 (7)  XL:     3   Next: 64%
Magic:  3/6        EV: 12    Int: 17 (18) God:
Gold:   72         SH:  0    Dex: 13 (14) Spells: 3/6 levels left

rFire    . . .     SeeInvis +   a - +1 dagger
rCold    . . .     Gourm    .   (no shield)
rNeg     + . .     Faith    .   b - +0 robe
rPois    .         Spirit   .   (no helmet)
rElec    .         Reflect  .   (no cloak)
rCorr    .         Harm     .   (no gloves)
MR       .....                  f - +0 pair of boots
Stlth    +++.......             (no amulet)
Regen    0.1/turn               (no ring)
MPRegen  0.1/turn               (no ring)

@: no status effects
A: fangs 3, see invisible, unbreathing
a: Bat Form


You were on level 1 of the Dungeon.
You were not thirsty.

You visited 1 branch of the dungeon, and saw 2 of its levels.

You collected 72 gold pieces.

Inventory:

Hand Weapons
 a - a +1 dagger (weapon)
Armour
 b - a +0 robe (worn)
 f - a +0 pair of boots (worn)
Scrolls
 e - a scroll of amnesia {unknown}
 h - 5 scrolls of remove curse
 j - 3 scrolls of identify {unknown}
 l - 4 scrolls of teleportation {unknown}
 m - a scroll of noise {unknown}
Potions
 d - 3 potions of blood
Books
 c - a book of Maledictions

   Spells                             Type                      Level
   a - Corona                         Hexes                        1
   b - Ensorcelled Hibernation        Hexes/Ice                    2
   c - Confuse                        Hexes                        3
   d - Tukima's Dance                 Hexes                        3
   e - Dazzling Spray                 Conjuration/Hexes            3


   Skills:
 - Level 1.1 Short Blades
 - Level 2.1 Dodging
 + Level 6.8 Stealth
 - Level 2.0 Spellcasting
 - Level 4.4 Hexes
 + Level 1.0 Ice Magic


You had 3 spell levels left.
You knew the following spells:

 Your Spells              Type           Power        Failure   Level  Hunger
a - Corona                Hex            ###....      3%          1    #......
b - Ensorcelled Hibernat  Hex/Ice        ##....       10%         2    ###....


Dungeon Overview and Level Annotations

Branches:
Dungeon (2/15)

Altars:


Innate Abilities, Weirdness & Mutations

You have razor-sharp teeth.
You have supernaturally acute eyesight. (SInv)
You can survive without breathing.


Message History

Your Ice Magic skill increases to level 1!
The jackal bites you but does no damage.
The jackal closely misses you. The gnoll hits you with a halberd!
* * * LOW HITPOINT WARNING * * *
The jackal misses you.
You climb upwards.
There is a stone staircase leading down here.
The gnoll closely misses you.
You see here a club.
The jackal barely misses you. The jackal bites you.
* * * LOW HITPOINT WARNING * * *
Casting: Ensorcelled Hibernation
Confirm with . or Enter, or press ? or * to list all spells.
Aiming: Ensorcelled Hibernation
Press: ? - help, Shift-Dir - straight line, f - jackal
Aim: a jackal (chance to defeat MR: 59%)
The jackal looks drowsy...
The gnoll barely misses you. The jackal bites you.
You die...

#.#.# ###.(..รท....#####.
####.#.#
##.#.####.#..####.#
.....#.#
##....####.#........
#.>....#
##.....##...........)
#.######
#.......#.#.#.....#.. #.#
##.....##.#.#.....#.. #.#
##...###...#.....#.. #.#
##.## #...#.....#..
#.######### #@#
#.#.#..<..#.. ..........#
#h# #.#.#.....#..
..###.###.#
#g####.#.#.....#.. ..#
#.#
#.######........#.....#..
..# #.#
#...............#.....#..
>.###.#
#..>...######.#.....%....
...##.#
######)######.##.#####...
#)....# #...>.........#
#### #...###
#.#....########


You could see a gnoll and a jackal.

Vanquished Creatures
  2 gnolls
  A leopard gecko (D:1)
  4 bats (D:1)
  A giant cockroach (D:1)
  4 hobgoblins (D:1)
  6 jackals (D:1)
  A ball python (D:1)
  4 frilled lizards (D:1)
  6 kobolds (D:1)
  3 rats (D:1)
32 creatures vanquished.

Notes
Turn   | Place    | Note
-------+----------+-------------------------------------------
     0 | D:1      | dohliylev the Vampire Enchanter began the quest for the Orb.
     0 | D:1      | Reached XP level 1. HP: 13/13 MP: 3/3
   136 | D:1      | Reached skill level 5 in Stealth
   282 | D:1      | Reached XP level 2. HP: 19/19 MP: 5/5
   286 | D:1      | Learned a level 2 spell: Ensorcelled Hibernation
   619 | D:1      | Reached skill level 6 in Stealth
  1028 | D:1      | Reached XP level 3. HP: 15/24 MP: 2/6
  1306 | D:2      | Reached skill level 1 in Ice Magic
  1313 | D:1      | HP: 1/24 [jackal (3)]
  1316 | D:1      | Slain by a jackal

Skill      XL: |  1  2  3 |
---------------+----------+-----
Stealth        | 5 6 |  6.8
Ice Magic      | 1 |  1.0
Short Blades   | |  1.1
Dodging        | |  2.1
Spellcasting   | |  2.0
Hexes          | |  4.4

Action                   || total
-------------------------++-------
Melee: Dagger            ||   107
       Bite              ||     8
 Cast: Corona            ||     3
       Ensorcelled Hiber ||    16
  Use: Potion            ||     3
       Scroll            ||     1
 Stab: Sleeping          ||    20
  Eat: Corpse            ||     5
Armor: Robe              ||    37
Dodge: Dodged            ||    84
